 Dungeon Crawl Stone Soup version 0.31-a0-187-gba352fbbf7 (webtiles) character file.

Game seed: 5998845656933634528

95 qw the Shooter (level 4, -1/25 HPs)
             Began as a Deep Elf Hunter on June 22, 2023.
             Slain by an orc
             ... wielding a +2 hand axe of venom
              (2 damage)
             ... on level 3 of the Dungeon.
             The game lasted 00:00:35 (1860 turns).

qw the Shooter (Deep Elf Hunter)                    Turns: 1860, Time: 00:00:35

Health: -1/25      AC:  6    Str: 10    XL:     4   Next: 39%
Magic:  6/6        EV:  9    Int: 14    God:
Gold:   38         SH:  0    Dex: 18    Spells: 3/3 levels left

rFire   . . .        Y - +2 shortbow
rCold   . . .        (shield currently unavailable)
rNeg    . . .        i - +0 scale mail
rPois   .            (no helmet)
rElec   .            (no cloak)
rCorr   .            (no gloves)
SInv    .            (no boots)
Will    .....        (no amulet)
Stlth   +            (no ring)
HPRegen 0.24/turn    (no ring)
MPRegen 0.10/turn

%: no passive effects
@: lethally poisoned (-1 -> -12)
A: no striking features
a: no special abilities


You were on level 3 of the Dungeon.
You visited 1 branch of the dungeon, and saw 3 of its levels.

You collected 38 gold pieces.


   Skills:
 - Level 1.5 Fighting
 + Level 7.8 Ranged Weapons
 - Level 2.4 Dodging
 - Level 1.2 Stealth


You had 3 spell levels left.
You didn't know any spells.
Your spell library was empty.

Inventory:

Hand Weapons
 Y - a +2 shortbow (weapon)
Armour
 f - a +0 pair of boots
 i - a +0 scale mail (worn)
Potions
 a - a potion of mutation {unknown}
 b - a potion of curing {unknown}
 c - a potion of heal wounds {unknown}
 d - a potion of cancellation {unknown}
 e - a potion of might {unknown}

Dungeon Overview and Level Annotations

Branches:
Dungeon (3/15)

Altars:


Message History

The orc wizard shouts!
An orc comes into view. It is wielding a +2 hand axe of venom.
An endoplasm comes into view.
Enter note:
Enter note:
Enter note:
Enter note:
Enter note:
Enter note: You shoot an arrow.
The endoplasm quivers.
The arrow hits the orc wizard.
The orc wizard is heavily wounded.
An orc priest comes into view. It is wielding a +0 whip.
1854 ||| Stepping ~*~*~tactically~*~*~ (outnumbered).
You shoot an arrow. The arrow hits the orc wizard.
The orc wizard is heavily wounded.
You shoot an arrow. The arrow barely misses the orc.
The orc hits you but does no damage.
You shoot an arrow.
The arrow hits the orc but does no damage.
The orc hits you with a +2 hand axe of venom.
You are poisoned.
You shoot an arrow. The arrow hits the orc.
The orc is lightly wounded.
You feel very sick.
The orc hits you with a +2 hand axe of venom.
You are lethally poisoned!
You shoot an arrow. The arrow hits the orc.
The orc is severely wounded.
You feel very sick.
The orc hits you with a +2 hand axe of venom.
The orc wizard mumbles some strange words.
The orc wizard flickers and vanishes!
Deactivating autopickup; reactivate with Ctrl-A.
The orc closely misses you.
You shoot an arrow. The arrow closely misses the orc.
You feel very sick.
The orc hits you with a +2 hand axe of venom.
You die...

# #..........# #.#.#....#.
#####..........########.#.#.#<.#.
....)....)..)..'.......>#...#.##.
#####<.........######.#######....
...............# #.# #####
################ #.# # ####.# #
#####....# # #{o@..#### #######
#o##### ......# #.. ......# #.o
......# #.o .[....# ..J ......#
#.#. ......######.#.
####.......>.


You could see an orc priest and an orc.

Vanquished Creatures
  Jessica (D:3)
  An adder (D:3)
  A worm (D:2)
  2 dart slugs (D:3)
  An orc (D:3)
  A ball python (D:2)
  4 endoplasms
  4 giant cockroaches
  5 hobgoblins
  3 quokkas
  5 bats
  A frilled lizard (D:2)
  8 goblins
  5 kobolds
  6 rats
48 creatures vanquished.

Notes
Turn   | Place    | Note
-------+----------+-------------------------------------------
     0 | D:1      | qw the Deep Elf Hunter began the quest for the Orb.
     0 | D:1      | Reached XP level 1. HP: 12/12 MP: 3/3
     0 | D:1      | 0 ||| qw: Version: 0.3-a-9-g12657ce
     0 | D:1      | 0 ||| qw: Game counter: 2356
     0 | D:1      | 0 ||| qw: Always use a shield: true
     0 | D:1      | 0 ||| qw: God list: Okawaru
     0 | D:1      | 0 ||| qw: Allow faded altars: false
     0 | D:1      | 0 ||| qw: Do Orc after D:15 true
     0 | D:1      | 0 ||| qw: Do second Lair branch before Depths: true
     0 | D:1      | 0 ||| qw: Lair rune preference: random
     0 | D:1      | 0 ||| qw: Plans: Normal
     0 | D:1      | 0 ||| PLANNING D:1-11
   101 | D:1      | HP: 3/12 [frozen (2)]
   176 | D:1      | Reached XP level 2. HP: 16/16 MP: 4/4
   197 | D:1      | Reached skill level 6 in Ranged Weapons
   716 | D:1      | 716 ||| UPGRADING to +0 scale mail.
   726 | D:1      | 726 ||| DROPPING +0 leather armour.
   727 | D:1      | 727 ||| READING scroll labelled SIDEEL KYMA.
   728 | D:1      | 728 ||| READING scroll labelled QOLOUNUNIKK.
   732 | D:1      | 732 ||| READING scroll labelled WEIGYD MEATAUTZ.
   733 | D:1      | 733 ||| READING scroll labelled TET FOXTAORAXT.
   734 | D:1      | 734 ||| READING scroll labelled SUOMID VOKK.
   735 | D:1      | 735 ||| DROPPING scroll of butterflies.
   842 | D:2      | 842 ||| READING scroll of enchant weapon.
   842 | D:2      | 842 ||| ENCHANTING +1 shortbow.
   918 | D:2      | Reached XP level 3. HP: 20/20 MP: 5/5
  1573 | D:3      | Reached skill level 7 in Ranged Weapons
  1574 | D:3      | HP: 5/20 [poisoned by an adder]
  1578 | D:3      | HP: 2/20 [poisoned by an adder]
  1690 | D:3      | Found a faded altar of an unknown god.
  1747 | D:3      | Noticed Jessica
  1753 | D:3      | 1753 ||| Stepping ~*~*~tactically~*~*~ (outnumbered).
  1757 | D:3      | Killed Jessica
  1758 | D:3      | Reached XP level 4. HP: 25/25 MP: 6/6
  1854 | D:3      | 1854 ||| Stepping ~*~*~tactically~*~*~ (outnumbered).
  1859 | D:3      | HP: 6/25 [orc/+2 hand axe of venom (6)]
  1860 | D:3      | HP: 1/25 [poisoned by an orc]
  1860 | D:3      | Slain by an orc

Levels and vault maps discovered:
D:1:      heliophobic_arrival_enchanted_forest, layout_basic, minmay_vboxes
D:2:      layout_basic
D:3:      layout_basic, dreamdust_ecumenical_altar_grove, uniq_jessica

Skill      XL: |  1  2  3 |
---------------+----------+-----
Ranged Weapons | 6 7 |  7.8
Fighting       | |  1.5
Dodging        | |  2.4
Stealth        | |  1.2

Action                     |  1- 3 |  4- 6 || total
---------------------------+-------+-------++-------
   Fire: Shortbow          |   110 |    13 ||   123
    Use: Scroll            |     6 |       ||     6
 Armour: Leather armour    |     2 |       ||     2
         Scale mail        |    20 |     3 ||    23
  Dodge: Dodged            |    26 |     2 ||    28

Table legend:
 A = Non-vault XP
 B = Vault XP
 C = Vault XP percentage of total XP
 D = Non-vault monster count
 E = Vault monster count
 F = Vault count percentage of total count
                 A         B        C        D         E       F
            +---------+---------+-------+---------+---------+-------
      Total |      92 |      44 |  32.4 |      43 |       5 |  10.4
            +---------+---------+-------+---------+---------+-------
        D:1 |      18 |       7 |  28.0 |      11 |       4 |  26.7
        D:2 |      30 |       0 |   0.0 |      16 |       0 |   0.0
        D:3 |      44 |      37 |  45.7 |      16 |       1 |   5.9
            +---------+---------+-------+---------+---------+-------
